 Dungeon Crawl Stone Soup version 0.31-a0-1074-g0b22e4e0f1 (webtiles) character file.

Game seed: 9334398764125221712

8334 jlumianski the Grappler (level 11, 0/83 HPs)
             Began as a Gnoll Shapeshifter on Nov 27, 2023.
             Was an Elder of Okawaru.
             Slain by a yak (6 damage)
             ... on level 9 of the Dungeon on Nov 28, 2023.
             The game lasted 00:52:15 (9926 turns).

jlumianski the Grappler (Gnoll Shapeshifter)        Turns: 9926, Time: 00:52:15

Health: 0/83       AC:  7    Str: 17    XL:     11   Next: 29%
Magic:  20/20      EV: 20    Int: 10    God:    Okawaru [****..]
Gold:   544        SH:  5    Dex: 12    Spells: 19/22 levels left

rFire   . .          .
                       - Unarmed
rCold   . . .        (no shield)
rNeg    . . .        V - +1 steam dragon scales
rPois   +            (helmet currently unavailable)
rElec   .            (cloak currently unavailable)
rCorr   .            (gloves currently unavailable)
SInv    .            (boots currently unavailable)
Will    .....        v - amulet of reflection
Stlth   +++          i - ring of poison resistance
HPRegen 0.33/turn    Q - +5 ring of evasion
MPRegen 0.17/turn

%: reflection
@: beast-form, on berserk cooldown, slowed, very slow
A: beast (slay +4), fangs 1, strong nose, distributed training
a: Begin Untransformation, Renounce Religion, Heroism, Finesse


You were on level 9 of the Dungeon.
You worshipped Okawaru.
Okawaru was greatly pleased with you.
You were a hulking beast.
You visited 2 branches of the dungeon, and saw 11 of its levels.
You also visited: Bailey.

You collected 544 gold pieces.

Inventory:

Hand Weapons
 x - a +0 broad axe
 z - a +2 broad axe
 B - a +2 heavy quarterstaff
 F - a +4 halberd
 G - a +1 dagger of venom
 M - a +3 short sword
 P - a +3 war axe
Missiles
 g - 19 boomerangs (quivered)
 J - a curare-tipped dart
 K - 2 poisoned darts
Armour
 a - a +0 animal skin
 k - a +0 plate armour
 n - a +0 pair of gloves
 C - a +0 pair of gloves
 D - a +2 cloak
 I - a +0 cloak
 L - an orb of mayhem
 R - a +1 pair of gloves
 V - +1 steam dragon scales (worn)
Jewellery
 i - a ring of poison resistance (left hand)
 u - a ring of magical power
 v - an amulet of reflection (around neck)
 w - a ring of flight
 H - a ring of wizardry
 Q - a +5 ring of evasion (right hand)
 S - a ring of magical power
Talismans
 c - a beast talisman
 d - a flux talisman
Wands
 s - a wand of mindburst (25)
 y - a wand of polymorph (4)
Scrolls
 e - a scroll of poison
 j - 2 scrolls of amnesia
 m - a scroll of noise
 q - 3 scrolls of teleportation
 N - a scroll of enchant weapon
 O - a scroll of fear
 W - a scroll of acquirement
Potions
 b - 3 potions of lignification
 f - 3 potions of might
 h - 9 potions of curing
 l - a potion of cancellation
 o - 2 potions of berserk rage
 p - a potion of ambrosia
 r - a potion of magic {unknown}
 t - 2 potions of attraction
 A - a potion of heal wounds
 E - 3 potions of invisibility
 T - 2 potions of enlightenment {unknown}
 U - 5 potions of haste


   Skills:
 + Level 6.8 Fighting
 + Level 6.2 Short Blades
 + Level 6.2 Long Blades
 + Level 6.2 Axes
 + Level 6.2 Maces & Flails
 + Level 6.2 Polearms
 + Level 6.2 Staves
 + Level 6.2 Ranged Weapons
 + Level 6.2 Throwing
 + Level 6.2 Armour
 + Level 7.8 Dodging
 + Level 6.2 Stealth
 + Level 6.2 Shields
 + Level 9.1 Unarmed Combat
 + Level 6.2 Spellcasting
 + Level 5.2 Conjurations
 + Level 5.2 Hexes
 + Level 5.2 Summonings
 + Level 5.2 Necromancy
 + Level 5.2 Translocations
 + Level 5.2 Transmutations
 + Level 5.2 Fire Magic
 + Level 5.2 Ice Magic
 + Level 5.2 Air Magic
 + Level 5.2 Earth Magic
 + Level 5.2 Poison Magic
 + Level 6.9 Invocations
 + Level 6.2 Evocations
 + Level 8.8 Shapeshifting


You had 19 spell levels left.
You knew the following spells:

 Your Spells              Type           Power      Damage    Failure   Level
a - Ozocubu's Armour      Ice            13%        N/A       7%          3

Your spell library contained the following spells:

 Spells                   Type           Power      Damage    Failure   Level
 Sublimation of Blood     Necr           13%        N/A       3%          2
 Inner Flame              Hex/Fire       13%        N/A       7%          3
 Flame Wave               Conj/Fire      13%        2d6       24%         4
 Manifold Assault         Tloc           13%        N/A       24%         4
 Petrify                  Tmut/Erth      13%        N/A       24%         4
 Sticky Flame             Conj/Fire      13%        2d4       24%         4
 Alistair's Intoxication  Tmut/Pois      8%         N/A       54%         5
 Borgnjor's Vile Clutch   Necr/Erth      6%         N/A       54%         5
 Irradiate                Conj/Tmut      6%         3d13      54%         5
 Metabolic Englaciation   Hex/Ice        6%         N/A       54%         5
 Eringya's Noxious Bog    Tmut/Pois      6%         4d6       98%         6
 Borgnjor's Revivificati  Necr           6%         N/A       100%        8
 Death's Door             Necr           6%         N/A       100%        9
 Summon Ice Beast         Ice/Summ       Unusable   N/A       N/A         4
 Simulacrum               Ice/Necr       Unusable   N/A       N/A         6
 Haunt                    Necr/Summ      Unusable   N/A       N/A         7

Dungeon Overview and Level Annotations

Branches:
Dungeon (10/15)            Temple (1/1) D:5             Orc (0/2) D:9
 Bailey (visited)
   Lair: D:8-11

Altars:
Ashenzari
Cheibriados
Dithmenos
Elyvilon
Fedhas
Gozag
Hepliaklqana
Kikubaaqudgha
Makhleb
Nemelex Xobeh
Okawaru
Qazlal
Ru
Sif Muna
Trog
Uskayaw
Vehumet
Wu Jian
Xom
Yredelemnul
Zin
The Shining One

Shops:
D:4 *   D:5 =   D:6 [   D:10 (


Innate Abilities, Weirdness & Mutations

You are a hulking beast.
Your limbs bulge with bestial killing power. (Slay +4)
You have very sharp teeth.
Your uncanny sense of smell can sniff out nearby items.
Your experience applies equally to all skills.


Message History

Something barely misses you. You block something's attack.
Something barely misses you.
You completely miss something. Your punch misses something. You bite something.
Something hits you but does no damage. Something hits you.
There is an open door here.
Something barely misses you. Something hits you!
Something hits you but does no damage. Something hits you! Something hits you!
* * * LOW HITPOINT WARNING * * *
Something barely misses you. Something hits you but does no damage.
Something hits you.
* * * LOW HITPOINT WARNING * * *
Something hits you.
* * * LOW HITPOINT WARNING * * *
Something hits you but does no damage. Something closely misses you.
Something hits you.
* * * LOW HITPOINT WARNING * * *
A red film seems to cover your vision as you go berserk!
You feel yourself moving faster!
You feel mighty! Something misses you.
You punch something! You punch something!! Okawaru accepts your kill.
Reactivating autopickup.
You feel a bit more experienced.
You feel a strong urge to attack something.
There is a stone staircase leading up here.
You climb upwards.
The yak bellows!
You feel your anger nearly subside.
You are no longer berserk.
You are exhausted.
You feel yourself slow down.
The vampire mosquito closely misses you.
The yak gores you.
* * * LOW HITPOINT WARNING * * *
The yak gores you.
You die...

##..##........###......
#...#..........##...###
#..............#...## #
#............##...#
###...............####
##(...#............##.
#.....................
#...yYY..)............
#...yh..........###.##
#...Y..Y.........#.#.##
..................##.#.#
..................##...#
..................##...#
..........####.... #.#.#
#..#..Y...# .. ##..##
...#......### ... #..#..
...#.....^#. #... ##.##.


You could see 5 yaks and 2 vampire mosquitoes.

Vanquished Creatures
  An orc warlord (Bailey)
  A two-headed ogre (D:10)
  Pikel (D:5)
  A cyclops (D:8)
  An unseen horror (D:10)
  A shadow (D:9)
  A wyvern (D:8)
  2 wraiths
  6 yaks (D:8)
  A steam dragon (D:8)
  4 water moccasins
  3 ice beasts
  3 orc warriors
  A sky beast (D:6)
  4 black bears
  An ogre (D:4)
  A centaur (D:7)
  4 lemures (D:4)
  2 phantoms
  A kobold brigand (D:5)
  4 necrophages (D:4)
  3 bullfrogs
  2 gnoll sergeants
  2 scorpions
  A water moccasin zombie (D:4)
  6 wights
  A howler monkey (D:9)
  2 orc priests (D:7)
  A human zombie (D:4)
  4 jellies
  2 hounds
  A sleepcap (D:6)
  2 iguanas (D:4)
  A scorpion zombie (D:4)
  15 orc wizards
  5 ogre zombies (D:9)
  2 mummies (D:4)
  20 gnolls
  13 adders
  3 white imps
  4 ufetubi
  2 adder zombies (D:4)
  4 worms
  4 dart slugs
  44 orcs
  11 ball pythons
  4 bats
  6 endoplasms
  2 giant cockroaches (D:4)
  11 goblins
  10 hobgoblins
  20 kobolds
  3 quokkas
  7 frilled lizards
  4 gnoll skeletons (D:9)
  3 gnoll zombies (D:9)
  10 orc zombies (D:9)
  7 rats
286 creatures vanquished.

Notes
Turn   | Place    | Note
-------+----------+-------------------------------------------
     0 | D:1      | jlumianski the Gnoll Shapeshifter began the quest for the
                  | Orb.
     0 | D:1      | Reached XP level 1. HP: 17/17 MP: 1/1
     4 | D:1      | You fall into a shaft and drop 1 floor!
    96 | D:1      | Reached XP level 2. HP: 23/23 MP: 2/2
   225 | D:1      | Reached XP level 3. HP: 28/28 MP: 3/3
   369 | D:1      | Reached skill level 1 in Invocations
   923 | D:1      | Reached skill level 1 in Short Blades
   923 | D:1      | Reached skill level 1 in Long Blades
   923 | D:1      | Reached skill level 1 in Axes
   923 | D:1      | Reached skill level 1 in Maces & Flails
   923 | D:1      | Reached skill level 1 in Polearms
   923 | D:1      | Reached skill level 1 in Staves
   923 | D:1      | Reached skill level 1 in Ranged Weapons
   923 | D:1      | Reached skill level 1 in Throwing
   923 | D:1      | Reached skill level 1 in Armour
   923 | D:1      | Reached skill level 1 in Stealth
   923 | D:1      | Reached skill level 1 in Shields
   923 | D:1      | Reached skill level 1 in Spellcasting
   923 | D:1      | Reached skill level 1 in Evocations
   998 | D:2      | Reached XP level 4. HP: 34/34 MP: 5/5
  1290 | D:3      | Reached skill level 1 in Conjurations
  1290 | D:3      | Reached skill level 1 in Hexes
  1290 | D:3      | Reached skill level 1 in Summonings
  1290 | D:3      | Reached skill level 1 in Necromancy
  1290 | D:3      | Reached skill level 1 in Translocations
  1290 | D:3      | Reached skill level 1 in Transmutations
  1290 | D:3      | Reached skill level 1 in Fire Magic
  1290 | D:3      | Reached skill level 1 in Ice Magic
  1290 | D:3      | Reached skill level 1 in Air Magic
  1290 | D:3      | Reached skill level 1 in Earth Magic
  1290 | D:3      | Reached skill level 1 in Poison Magic
  1362 | D:3      | Reached XP level 5. HP: 40/40 MP: 5/7
  1453 | D:3      | Found a stormy altar of Qazlal.
  1841 | D:4      | Noticed an ogre
  1856 | D:4      | Killed an ogre
  1857 | D:4      | Reached XP level 6. HP: 37/47 MP: 8/8
  1910 | D:3      | Found a radiant altar of Vehumet.
  2275 | D:5      | Entered Level 5 of the Dungeon
  2275 | D:5      | Noticed a water moccasin
  2282 | D:4      | Killed a water moccasin
  2283 | D:4      | Reached skill level 5 in Dodging
  2446 | D:4      | Found a sacrificial altar of Ru.
  2495 | D:4      | Found Mecangai's Neck Hole.
  2568 | D:4      | Reached skill level 7 in Unarmed Combat
  2568 | D:4      | Reached XP level 7. HP: 51/52 MP: 10/10
  2614 | D:4      | HP: 1/52 [acid (5)]
  3476 | D:4      | Found a basalt altar of Yredelemnul.
  3564 | D:4      | Reached XP level 8. HP: 59/60 MP: 12/12
  3793 | D:5      | Found a staircase to the Ecumenical Temple.
  3802 | Temple   | Entered the Ecumenical Temple
  3812 | Temple   | Became a worshipper of Warmaster Okawaru
  3845 | D:5      | Found Sumnef's Jewellery Emporium.
  4215 | D:5      | Noticed Pikel
  4548 | D:5      | Killed Pikel
  4548 | D:5      | Reached * piety under Okawaru
  4549 | D:5      | Reached XP level 9. HP: 67/67 MP: 13/15
  4581 | D:5      | Found a white marble altar of Elyvilon.
  5287 | D:6      | Found Hiasm's Armour Shop.
  5330 | D:6      | Reached skill level 5 in Fighting
  5804 | D:6      | Reached skill level 8 in Unarmed Combat
  6022 | D:6      | Reached ** piety under Okawaru
  6033 | D:6      | Reached skill level 5 in Invocations
  6613 | D:6      | Reached XP level 10. HP: 58/74 MP: 17/17
  6705 | D:8      | Found an opulent altar of Gozag.
  6876 | D:9      | Reached skill level 5 in Short Blades
  6876 | D:9      | Reached skill level 5 in Long Blades
  6876 | D:9      | Reached skill level 5 in Axes
  6876 | D:9      | Reached skill level 5 in Maces & Flails
  6876 | D:9      | Reached skill level 5 in Polearms
  6876 | D:9      | Reached skill level 5 in Staves
  6876 | D:9      | Reached skill level 5 in Ranged Weapons
  6876 | D:9      | Reached skill level 5 in Throwing
  6876 | D:9      | Reached skill level 5 in Armour
  6876 | D:9      | Reached skill level 5 in Stealth
  6876 | D:9      | Reached skill level 5 in Shields
  6876 | D:9      | Reached skill level 5 in Spellcasting
  6876 | D:9      | Reached skill level 5 in Evocations
  7574 | D:8      | Noticed a cyclops
  7585 | D:8      | Killed a cyclops
  7585 | D:8      | Reached *** piety under Okawaru
  8363 | D:8      | Found a shimmering blue altar of Sif Muna.
  8878 | D:9      | Reached **** piety under Okawaru
  8924 | D:9      | Found a staircase to the Orcish Mines.
  9017 | D:10     | Entered Level 10 of the Dungeon
  9086 | D:10     | Noticed a two-headed ogre
  9094 | D:10     | Killed a two-headed ogre
  9095 | D:10     | Reached skill level 9 in Unarmed Combat
  9095 | D:10     | Reached skill level 5 in Conjurations
  9095 | D:10     | Reached skill level 5 in Hexes
  9095 | D:10     | Reached skill level 5 in Summonings
  9095 | D:10     | Reached skill level 5 in Necromancy
  9095 | D:10     | Reached skill level 5 in Translocations
  9095 | D:10     | Reached skill level 5 in Transmutations
  9095 | D:10     | Reached skill level 5 in Fire Magic
  9095 | D:10     | Reached skill level 5 in Ice Magic
  9095 | D:10     | Reached skill level 5 in Air Magic
  9095 | D:10     | Reached skill level 5 in Earth Magic
  9095 | D:10     | Reached skill level 5 in Poison Magic
  9095 | D:10     | Reached XP level 11. HP: 67/83 MP: 18/20
  9223 | D:10     | Found a flagged portal.
  9231 | Bailey   | Entered a bailey
  9236 | Bailey   | Noticed an orc warlord
  9370 | Bailey   | Found a runed translucent gate.
  9370 | Bailey   | Found a runed translucent gate.
  9533 | Bailey   | Found a runed translucent gate.
  9647 | Bailey   | Killed an orc warlord
  9856 | Bailey   | Got the Secrets of Space and Adjuration
  9861 | Bailey   | Learned a level 3 spell: Ozocubu's Armour
  9874 | D:10     | Found Golosk's Antique Weapon Emporium.
  9926 | D:9      | Slain by a yak

Illustrated notes

Levels and vault maps discovered:
D:1:      dpeg_arrival_circle_labyrinth_c, layout_rooms, minivault_24,
          moated_statue, nicolae_the_louvre
D:2:      layout_loops_ring, minmay_bisected
D:3:      layout_rooms, lemuel_coloured_pillars_altar,
          mainiacjoe_overflow_paths, nicolae_figureground_pulse
D:4:      layout_gridville, mainiacjoe_overflow_catwalk,
          lemuel_mausoleum_altar_yredelemnul, nicolae_shop_sticking_my_neck_out
D:5:      layout_cave_pools, lemuel_crystal_altar, minmay_temple_entry_poolview,
          serial_shops, shop, chequers_serial_rivers_room_b, uniq_pikel
D:6:      layout_basic, serial_shops, shop, nicolae_elevator_lobby_asterisk
D:7:      layout_cave_pods, minmay_increasing_density
D:8:      layout_cave_pools, kennysheep_orc_sif_temple, grunt_gozag_breadcrumbs,
          minmay_misc_feat_rugged
D:9:      layout_cave_pools, lair_entry_dummy, zombieorc1_lemuel,
          kennysheep_generic_room_2
D:10:     layout_gridville, serial_shops, shop, shop_fountains,
          nicolae_shop_peninsula, shop, enter_bailey_2
Temple:   nicolae_temple_no_exploring_needed

Skill      XL: |  1  2  3  4  5  6  7  8  9 10 |
---------------+-------------------------------+-----
Invocations    | 1 2 3 4 5 6 |  6.9
Short Blades   | 1 2 3 4 6 |  6.2
Long Blades    | 1 2 3 4 6 |  6.2
Axes           | 1 2 3 4 6 |  6.2
Maces & Flails | 1 2 3 4 6 |  6.2
Polearms       | 1 2 3 4 6 |  6.2
Staves         | 1 2 3 4 6 |  6.2
Ranged Weapons | 1 2 3 4 6 |  6.2
Throwing       | 1 2 3 4 6 |  6.2
Armour         | 1 2 3 4 6 |  6.2
Stealth        | 1 2 3 4 6 |  6.2
Shields        | 1 2 3 4 6 |  6.2
Spellcasting   | 1 2 3 4 6 |  6.2
Evocations     | 1 2 3 4 6 |  6.2
Conjurations   | 1 2 3 4 5 |  5.2
Hexes          | 1 2 3 4 5 |  5.2
Summonings     | 1 2 3 4 5 |  5.2
Necromancy     | 1 2 3 4 5 |  5.2
Translocations | 1 2 3 4 5 |  5.2
Transmutations | 1 2 3 4 5 |  5.2
Fire Magic     | 1 2 3 4 5 |  5.2
Ice Magic      | 1 2 3 4 5 |  5.2
Air Magic      | 1 2 3 4 5 |  5.2
Earth Magic    | 1 2 3 4 5 |  5.2
Poison Magic   | 1 2 3 4 5 |  5.2
Fighting       | 3 4 5 6 |  6.8
Dodging        | 5 6 7 |  7.8
Unarmed Combat | 7 8 9 |  9.1
Shapeshifting  | 7 8 |  8.8

Action                     |  1- 3 |  4- 6 |  7- 9 | 10-12 || total
---------------------------+-------+-------+-------+-------++-------
  Melee: Unarmed           |    54 |    99 |   403 |   361 ||   917
         Bite              |     2 |     5 |    49 |    49 ||   105
         Punch             |     1 |     1 |    13 |    25 ||    40
  Throw: Dart              |       |     3 |     7 |       ||    10
         Boomerang         |       |     3 |     9 |    32 ||    44
 Invoke: Heroism           |       |       |       |     2 ||     2
  Evoke: Wand              |       |       |     1 |     4 ||     5
    Use: Scroll            |       |     5 |     4 |    10 ||    19
         Potion            |       |     1 |     2 |     1 ||     4
   Stab: Sleeping          |       |       |       |     2 ||     2
         Distracted        |       |       |       |     1 ||     1
 Armour: Animal skin       |    24 |       |       |       ||    24
         Plate armour      |     1 |    98 |   316 |    70 ||   485
         Steam dragon scal |       |       |       |    96 ||    96
  Dodge: Dodged            |    35 |    35 |   102 |   202 ||   374
  Block: Other             |       |     5 |    68 |    59 ||   132
         Reflection        |       |       |     1 |     7 ||     8

Table legend: (Time is in decaauts)
 A = Elapsed time spent in this place.
 B = Non-inter-level travel time spent in this place.
 C = Inter-level travel time spent in this place.
 D = Time resting spent in this place.
 E = Time spent auto-exploring this place.
 F = Levels seen in this place.
 G = Mean time per level.
                   A        B        C        D        E       F      G
               +--------+--------+--------+--------+--------+-----+--------+
         Total |   9868 |   9564 |    304 |   1531 |   3494 |  12 |  822.3 |
       Dungeon |   9216 |   8912 |    304 |   1505 |   3299 |  10 |  921.6 |
        Temple |     20 |     20 |      0 |      0 |      0 |   1 |   20.0 |
        Bailey |    632 |    632 |      0 |     26 |    195 |   1 |  632.0 |
               +--------+--------+--------+--------+--------+-----+--------+

Top non-repeatable levels by time:
     D:4: 1951 daAuts
     D:7: 1206 daAuts
     D:8: 1188 daAuts
     D:6: 1002 daAuts
     D:5: 934 daAuts
     D:1: 876 daAuts
     D:2: 717 daAuts
     D:3: 694 daAuts
  Bailey: 632 daAuts
     D:9: 370 daAuts
    D:10: 273 daAuts
  Temple: 20 daAuts
